[Event "Prague Festival Open 2019"]
[Site "Prague"]
[Date "2019.03.09"]
[Round "1.3"]
[White "Zubov, Alexander"]
[Black "Haase, Pavel"]
[Result "1-0"]
[ECO "D80"]
[WhiteElo "2605"]
[BlackElo "2137"]
[Annotator "ChessBase"]
[PlyCount "63"]
[EventDate "2019.02.28"]
[EventType "tourn"]
[EventCountry "CZE"]
[SourceTitle "playchess.com"]
[Source "ChessBase"]
[SourceQuality "1"]
[TimeControl "40/5400+30:1800+30"]

1. d4 Nf6 2. c4 g6 3. Nc3 d5 4. e3 Bg7 5. Qb3 c6 6. Nf3 O-O 7. Be2 b6 8. O-O Ba6 9. Rd1 Qc7 10. a4 Nbd7 11. Bd2 e5 12. Rac1 exd4 13. exd4 Ne4 14. cxd5 Nxc3 15. Bxa6 Nxd1 16. dxc6 Nc5 17. dxc5 Nxb2 18. Bc3 Bxc3 19. Rxc3 bxc5 20. Qxb2 Qxc6 21. Bb5 Qf6 22. Qc2 Rad8 23. g3 Rd5 24. Kg2 Rf5 25. h4 h6 26. Re3 Kg7 27. Bd3 Rd5 28. Be4 Rd6 29. Qxc5 Ra6 30. Ne5 Qd6 31. Qc3 Kh7 32. h5 1-0

[Event "Prague Festival Open 2019"]
[Site "Prague"]
[Date "2019.03.09"]
[Round "1.4"]
[White "Burnett, Andrew"]
[Black "Bernadskiy, Vitaliy"]
[Result "0-1"]
[ECO "B06"]
[WhiteElo "2134"]
[BlackElo "2581"]
[Annotator "RC"]
[PlyCount "84"]
[EventDate "2019.02.28"]
[EventType "tourn"]
[EventCountry "CZE"]
[SourceTitle "playchess.com"]
[Source "ChessBase"]
[SourceQuality "1"]
[TimeControl "40/5400+30:1800+30"]

1. d4 g6 2. e4 Bg7 3. Nc3 a6 4. Be3 b5 5. Bd3 d6 6. Qd2 Nd7 7. a4 b4 8. Nce2 c5 9. Nf3 Qc7 10. Nf4 Ngf6 11. Nd5 Nxd5 12. exd5 c4 13. Be2 c3 14. bxc3 bxc3 15. Qc1 h6 16. Ng1 Nf6 17. Bf3 Bb7 18. Ne2 Bxd5 19. Bxd5 Nxd5 20. O-O Rc8 21. Rd1 Qa5 22. Ra3 Rc4 23. Rd3 Rxa4 24. Rxa4 Qxa4 25. Nxc3 Nxc3 26. Rxc3 O-O 27. Qa3 Qxa3 28. Rxa3 f5 29. f3 f4 30. Bf2 Rc8 31. c3 a5 32. Kf1 a4 33. Rxa4 Rxc3 34. Ke2 Rc2+ 35. Ke1 Kf7 36. g3 Rc1+ 37. Ke2 Rh1 38. d5 Be5 39. gxf4 Bf6 40. Bg3 h5 41. Bf2 h4 42. f5 g5 0-1